ITL
PORTLAND PRIVATEERS @ TRENTON STARS
09/23/2028
 
TOP OF THE 1ST
Portland Privateers batting - Pitching for Trenton Stars : RHP Russ Brown
Pitching: RHP Russ Brown
Batting: SHB Patrick Larson 0-0: Ball
1-0: Ball
2-0: Called Strike
2-1: Ball
3-1: Foul Ball, location: 2F
3-2: Ground out 3-1 (Groundball, 34S)
Batting: RHB Joe Bailey 0-0: Ball
1-0: Fly out, F8 (Flyball, 8RD)
Batting: LHB Carter Sweet 0-0: Ball
1-0: Ground out 4-3 (Groundball, 4S)
Top of the 1st over - 0 run(s), 0 hit(s), 0 error(s), 0 left on base; Portland 0 - Trenton 0
BOTTOM OF THE 1ST
Trenton Stars batting - Pitching for Portland Privateers : RHP Cade Baird
Pitching: RHP Cade Baird
Batting: LHB Alonzo Medine 0-0: Called Strike
0-1: Called Strike
0-2: Strikes out looking
Batting: RHB Felipe Olivas 0-0: Called Strike
0-1: Swinging Strike
0-2: Ground out 4-3 (Groundball, 4)
Batting: RHB Tony Long 0-0: SINGLE (Line Drive, 78S)
Batting: RHB Clancy Booker 0-0: Ball
1-0: Ball
2-0: Swinging Strike
2-1: Foul Ball, location: 2F
2-2: Strikes out swinging
Bottom of the 1st over - 0 run(s), 1 hit(s), 0 error(s), 1 left on base; Portland 0 - Trenton 0
TOP OF THE 2ND
Portland Privateers batting - Pitching for Trenton Stars : RHP Russ Brown
Batting: SHB Eric Pimentel 0-0: Ball
1-0: Ball
2-0: Called Strike
2-1: Ball
3-1: Base on Balls
Batting: RHB José Balina 0-0: Called Strike
0-1: Foul Ball, location: 2F
0-2: Ball
1-2: Ball
Eric Pimentel is caught stealing 2nd base
2-2: SOLO HOME RUN (Line Drive, 9D), Distance : 372 ft
Batting: SHB Cory Campbell 0-0: Called Strike
0-1: Swinging Strike
0-2: Strikes out swinging
Batting: LHB Domingo Ledesma 0-0: Ball
1-0: Ball
2-0: Called Strike
2-1: Ball
3-1: Base on Balls
Batting: LHB Pedro Padilla 0-0: Ball
1-0: Called Strike
1-1: Ball
2-1: Called Strike
2-2: Ball
3-2: Foul Ball, location: 2F
3-2: Strikes out swinging
Top of the 2nd over - 1 run(s), 1 hit(s), 0 error(s), 1 left on base; Portland 1 - Trenton 0
BOTTOM OF THE 2ND
Trenton Stars batting - Pitching for Portland Privateers : RHP Cade Baird
Batting: LHB Gabriel Aragón 0-0: Foul Ball, location: 2F
0-1: Ball
1-1: Foul Ball, location: 2F
1-2: DOUBLE (Flyball, 8LXD)
Batting: RHB Rafael Canales 0-0: Called Strike
0-1: Foul Ball, location: 2F
0-2: Ball
1-2: Strikes out looking
Batting: RHB Jesús Dávila 0-0: Ground out 6-3 (Groundball, 56)
Batting: RHB Peter Sexton 0-0: Called Strike
0-1: Foul Ball, location: 2F
0-2: Ball
1-2: SINGLE (Line Drive, 8LS)
Gabriel Aragón to third
Runner from 3rd tries for Home, SAFE, no throw
Batting: LHB Ju-wei Shiu 0-0: Ball
1-0: Ball
2-0: Called Strike
2-1: Fly out, F8 (Flyball, 8LD)
Bottom of the 2nd over - 1 run(s), 2 hit(s), 0 error(s), 1 left on base; Portland 1 - Trenton 1
TOP OF THE 3RD
Portland Privateers batting - Pitching for Trenton Stars : RHP Russ Brown
Batting: RHB Dave Nelson 0-0: Ball
1-0: Fly out, F8 (Flyball, 8RM)
Batting: SHB Patrick Larson 0-0: Called Strike
0-1: Called Strike
0-2: Ball
1-2: Ball
2-2: Foul Ball, location: 2F
2-2: Ball
3-2: Base on Balls
Batting: RHB Joe Bailey 0-0: Ball
1-0: Foul Ball, location: 2F
1-1: Foul Ball, location: 2F
1-2: Ball
2-2: Strikes out swinging
Patrick Larson steals 2nd base
Batter strikes out.
Batting: LHB Carter Sweet 0-0: Called Strike
0-1: Called Strike
0-2: Foul Ball, location: 2F
0-2: Ball
1-2: Ball
2-2: Strikes out swinging
Top of the 3rd over - 0 run(s), 0 hit(s), 0 error(s), 1 left on base; Portland 1 - Trenton 1
BOTTOM OF THE 3RD
Trenton Stars batting - Pitching for Portland Privateers : RHP Cade Baird
Batting: LHB Alonzo Medine 0-0: Foul Ball, location: 2F
0-1: Swinging Strike
0-2: Strikes out swinging
Batting: RHB Felipe Olivas 0-0: Ball
1-0: Called Strike
1-1: SINGLE (Line Drive, 8RS)
Batting: RHB Tony Long 0-0: Called Strike
0-1: SINGLE (Line Drive, 56D)
Felipe Olivas to second
Batting: RHB Clancy Booker 0-0: Ball
1-0: Swinging Strike
1-1: Called Strike
1-2: Strikes out swinging
Batting: LHB Gabriel Aragón 0-0: Called Strike
0-1: Swinging Strike
0-2: SINGLE (Groundball, 4MD)
Felipe Olivas to third
Tony Long to second
Runner from 3rd tries for Home, SAFE, no throw
Batting: RHB Rafael Canales 0-0: Fly out, F7 (Flyball, 7S)
Bottom of the 3rd over - 1 run(s), 3 hit(s), 0 error(s), 2 left on base; Portland 1 - Trenton 2
TOP OF THE 4TH
Portland Privateers batting - Pitching for Trenton Stars : RHP Russ Brown
Batting: SHB Eric Pimentel 0-0: Ball
1-0: Ball
2-0: Fly out, F9 (Flyball, 9)
Batting: RHB José Balina 0-0: Ball
1-0: Ball
2-0: Ground out 4-3 (Groundball, 4)
Batting: SHB Cory Campbell 0-0: Ball
1-0: Foul Ball, location: 2F
1-1: Fly out, F8 (Line Drive, 8LM)
Top of the 4th over - 0 run(s), 0 hit(s), 0 error(s), 0 left on base; Portland 1 - Trenton 2
BOTTOM OF THE 4TH
Trenton Stars batting - Pitching for Portland Privateers : RHP Cade Baird
Batting: RHB Jesús Dávila 0-0: Reached on error, E5 (Groundball, 56S)
Batting: RHB Peter Sexton 0-0: SINGLE (Groundball, 13) (infield hit)
Jesús Dávila to third
Batting: LHB Ju-wei Shiu 0-0: Called Strike
0-1: Ball
1-1: Ball
2-1: Swinging Strike
2-2: Strikes out swinging
Peter Sexton steals 2nd base
Batter strikes out.
Batting: LHB Alonzo Medine 0-0: Called Strike
0-1: Ball
1-1: Ball
2-1: 3-RUN HOME RUN (Flyball, 89XD), Distance : 399 ft
Batting: RHB Felipe Olivas 0-0: Swinging Strike
0-1: Foul Ball, location: 2F
0-2: SINGLE (Flyball, 8RS)
Batting: RHB Tony Long 0-0: Ball
1-0: Foul Ball, location: 2F
1-1: Called Strike
1-2: Ball
2-2: Fielders Choice at 2nd, 4-6 (Groundball, 4)
Batting: RHB Clancy Booker 0-0: Ball
1-0: Swinging Strike
1-1: Foul Ball, location: 2F
1-2: 2-RUN HOME RUN (Flyball, 7D), Distance : 362 ft
Batting: LHB Gabriel Aragón 0-0: Fly out, F7 (Flyball, 7LS)
Bottom of the 4th over - 5 run(s), 4 hit(s), 1 error(s), 0 left on base; Portland 1 - Trenton 7
TOP OF THE 5TH
Portland Privateers batting - Pitching for Trenton Stars : RHP Russ Brown
Batting: LHB Domingo Ledesma 0-0: Called Strike
0-1: Ball
1-1: SINGLE (Line Drive, 3D)
Batting: LHB Pedro Padilla 0-0: Fly out, F3 (Line Drive, 3)
Batting: RHB Dave Nelson 0-0: Called Strike
0-1: Ball
1-1: Swinging Strike
1-2: Strikes out swinging
Batting: SHB Patrick Larson 0-0: Ball
1-0: Foul Ball, location: 2F
1-1: Swinging Strike
1-2: 2-RUN HOME RUN (Flyball, 89XD), Distance : 392 ft
Batting: RHB Joe Bailey 0-0: Ball
1-0: SINGLE (Line Drive, 34D)
Batting: LHB Carter Sweet 0-0: Ball
1-0: Called Strike
1-1: Fielders Choice at 2nd, 6-4 (Groundball, 6)
Top of the 5th over - 2 run(s), 3 hit(s), 0 error(s), 0 left on base; Portland 3 - Trenton 7
BOTTOM OF THE 5TH
Trenton Stars batting - Pitching for Portland Privateers : RHP Cade Baird
Pitching: LHP Mike Campbell
Batting: RHB Rafael Canales 0-0: Fly out, F8 (Line Drive, 78XD)
Batting: RHB Jesús Dávila 0-0: Called Strike
0-1: SOLO HOME RUN (Flyball, 7D), Distance : 382 ft
Batting: RHB Peter Sexton 0-0: Ball
1-0: Ground out 6-3 (Groundball, 56)
Batting: LHB Ju-wei Shiu 0-0: Ground out 4-3 (Groundball, 4S)
Bottom of the 5th over - 1 run(s), 1 hit(s), 0 error(s), 0 left on base; Portland 3 - Trenton 8
TOP OF THE 6TH
Portland Privateers batting - Pitching for Trenton Stars : RHP Russ Brown
Batting: SHB Eric Pimentel 0-0: Foul Ball, location: 2F
0-1: Ball
1-1: Ball
2-1: Swinging Strike
2-2: Fly out, F3 (Popup, 34)
Batting: RHB José Balina 0-0: Ball
1-0: Foul Ball, location: 2F
1-1: Foul Ball, location: 2F
1-2: SINGLE (Line Drive, 9S)
Batting: SHB Cory Campbell 0-0: Fly out, F7 (Line Drive, 7S)
Batting: LHB Domingo Ledesma 0-0: Called Strike
0-1: Ball
1-1: Ball
2-1: SINGLE (Groundball, 4D)
José Balina to second
Runner from 2nd tries for 3rd, SAFE, throw made to third
Batting: LHB Pedro Padilla 0-0: Foul Ball, location: 2F
0-1: SINGLE (Flyball, 8LS)
José Balina scores
Domingo Ledesma to second
Batting: RHB Dave Nelson 0-0: Called Strike
0-1: Ball
1-1: Swinging Strike
1-2: Foul Ball, location: 2F
1-2: Strikes out swinging
Top of the 6th over - 1 run(s), 3 hit(s), 0 error(s), 2 left on base; Portland 4 - Trenton 8
BOTTOM OF THE 6TH
Trenton Stars batting - Pitching for Portland Privateers : LHP Mike Campbell
Batting: LHB Alonzo Medine 0-0: Ball
1-0: Ball
2-0: Called Strike
2-1: Ground out 3-1 (Groundball, 2R)
Batting: RHB Felipe Olivas 0-0: Ball
1-0: Ball
2-0: Ball
3-0: Base on Balls
Batting: RHB Tony Long 0-0: Swinging Strike
0-1: SINGLE (Groundball, 56D)
Felipe Olivas to second
Batting: RHB Clancy Booker 0-0: Ball
Balk!
Felipe Olivas to third
Tony Long to second
1-0: Swinging Strike
1-1: Called Strike
1-2: Strikes out looking
Batting: LHB Gabriel Aragón 0-0: Ball
1-0: Foul Ball, location: 2F
1-1: Foul Ball, location: 2F
1-2: Ball
2-2: Ball
3-2: Fly out, F8 (Flyball, 8RM)
Bottom of the 6th over - 0 run(s), 1 hit(s), 0 error(s), 2 left on base; Portland 4 - Trenton 8
TOP OF THE 7TH
Portland Privateers batting - Pitching for Trenton Stars : RHP Russ Brown
Pitching: RHP Bartolo Rodríguez
Batting: SHB Patrick Larson 0-0: Ball
1-0: Called Strike
1-1: Ball
2-1: Foul Ball, location: 2F
2-2: SINGLE (Line Drive, 7S)
Batting: RHB Joe Bailey 0-0: Foul Ball, location: 2F
0-1: Called Strike
0-2: Ball
1-2: Ball
2-2: Ball
3-2: Strikes out looking
Patrick Larson is caught stealing 2nd base
Batter strikes out.
Batting: LHB Carter Sweet 0-0: Ball
1-0: Swinging Strike
1-1: Ball
2-1: Swinging Strike
2-2: Foul Ball, location: 2F
2-2: Ball
3-2: SINGLE (Line Drive, 6MD)
Batting: SHB Eric Pimentel 0-0: Ball
1-0: Foul Ball, location: 2F
1-1: Ball
2-1: Ball
3-1: Base on Balls
Carter Sweet to second
Batting: RHB José Balina 0-0: Called Strike
0-1: Ball
1-1: Fielders Choice at 2nd, 4-6 (Groundball, 4)
Top of the 7th over - 0 run(s), 2 hit(s), 0 error(s), 1 left on base; Portland 4 - Trenton 8
BOTTOM OF THE 7TH
Trenton Stars batting - Pitching for Portland Privateers : LHP Mike Campbell
Batting: RHB Rafael Canales 0-0: DOUBLE (Line Drive, 8LXD)
Batting: RHB Jesús Dávila 0-0: Ball
1-0: Reached on error, E8 (Flyball, 8LD)
Rafael Canales scores
Batting: RHB Peter Sexton 0-0: Ball
1-0: Called Strike
1-1: Foul Ball, location: 2F
1-2: Ground out 6-3 (Groundball, 6)
Batting: LHB Ju-wei Shiu 0-0: Ball
1-0: Foul Ball, location: 2F
1-1: Ball
2-1: Called Strike
2-2: Ground out 5-3 (Groundball, 56)
Batting: LHB Alonzo Medine 0-0: Called Strike
0-1: Ball
1-1: Called Strike
1-2: Foul Ball, location: 2F
1-2: SINGLE (Line Drive, 34)
Jesús Dávila to third
Runner from 3rd tries for Home, SAFE, throw made home
Alonzo Medine to second
Batting: RHB Felipe Olivas 0-0: Ball
1-0: Called Strike
1-1: Foul Ball, location: 2F
1-2: Ball
2-2: Foul Ball, location: 2F
2-2: Ball
3-2: Foul Ball, location: 2F
3-2: Ground out 4-3 (Groundball, 4M)
Bottom of the 7th over - 2 run(s), 2 hit(s), 1 error(s), 1 left on base; Portland 4 - Trenton 10
TOP OF THE 8TH
Portland Privateers batting - Pitching for Trenton Stars : RHP Bartolo Rodríguez
Now at 2B: Leonardo Pinto
Batting: SHB Cory Campbell 0-0: Ball
1-0: Ball
2-0: Called Strike
2-1: Swinging Strike
2-2: Strikes out swinging
Pitching: RHP Gilberto Martínez
Batting: LHB Domingo Ledesma 0-0: Called Strike
0-1: Ground out U3 (Groundball, 34)
Batting: LHB Pedro Padilla 0-0: Called Strike
0-1: Foul Ball, location: 2F
0-2: Ball
1-2: Strikes out swinging
Top of the 8th over - 0 run(s), 0 hit(s), 0 error(s), 0 left on base; Portland 4 - Trenton 10
BOTTOM OF THE 8TH
Trenton Stars batting - Pitching for Portland Privateers : LHP Mike Campbell
Pitching: RHP Ed Calhoun
Batting: RHB Tony Long 0-0: Foul Ball, location: 2F
0-1: Called Strike
0-2: Ball
1-2: Foul Ball, location: 2F
1-2: Strikes out looking
Batting: RHB Clancy Booker 0-0: Foul Ball, location: 2F
0-1: Ball
1-1: Ground out 5-3 (Groundball, 56)
Batting: LHB Gabriel Aragón 0-0: Ground out 1-3 (Groundball, 13)
Bottom of the 8th over - 0 run(s), 0 hit(s), 0 error(s), 0 left on base; Portland 4 - Trenton 10
TOP OF THE 9TH
Portland Privateers batting - Pitching for Trenton Stars : RHP Gilberto Martínez
Now in RF: Jonas Uttley
Batting: RHB Dave Nelson 0-0: Called Strike
0-1: Called Strike
0-2: Ball
1-2: Foul Ball, location: 2F
1-2: Foul Ball, location: 2F
1-2: Ball
2-2: Ball
3-2: Foul Ball, location: 2F
3-2: Base on Balls
Batting: SHB Patrick Larson 0-0: Ball
1-0: Fly out, F6 (Flyball, 6D)
Batting: RHB Joe Bailey 0-0: Ground out 3-1 (Groundball, 34S)
Dave Nelson to second
Batting: LHB Carter Sweet 0-0: Ball
1-0: 2-RUN HOME RUN (Flyball, 9D), Distance : 352 ft
Batting: SHB Eric Pimentel 0-0: Swinging Strike
0-1: Called Strike
0-2: Strikes out looking
Top of the 9th over - 2 run(s), 1 hit(s), 0 error(s), 0 left on base; Portland 6 - Trenton 10
Tuesday, August 8th, 2017 - OOTP Baseball 17.12 Build 75